 Dungeon Crawl Stone Soup version 0.16-a0-3219-g20c30b8 (console) character file.

483 Kellhus the Conjurer (level 6, 0/61 HPs)
             Began as a Vampire Wizard on Dec 20, 2014.
             Succumbed to an orc wizard's poison
             ... on level 4 of the Dungeon on Dec 21, 2014.
             The game lasted 00:07:31 (3851 turns).

Kellhus the Conjurer (Vampire Wizard)               Turns: 3851, Time: 00:07:31

Health: 0/61       AC: 23    Str:  6    XL:     6   Next: 87%
Magic:  2/12       EV:  2    Int: 22    God:
Gold:   207        SH:  0    Dex: 12    Spells: 1 memorised, 10 levels left

rFire  . . .     SeeInvis +     a - +2 dagger (venom)
rCold  . . .     Clarity  .     e - melded +0 robe
rNeg   + + +     SustAb   .     (no shield)
rPois  +         Gourm    .     b - melded +0 hat
rElec  .         Spirit   .     i - melded +0 cloak
rCorr  .         Warding  .     t - melded +0 pair of gloves
rMut   .         NoTele   +     (boots currently unavailable)
MR     .....                    (no amulet)
Stlth  +++.......               (no ring)
                                (no ring)

@: lethally poisoned, tree-form (expiring), regenerating quickly, not resistant
to hostile enchantments, fairly stealthy
A: bottle blood, (fangs 0), see invisible, (unbreathing)
a: no special abilities


You were on level 4 of the Dungeon.
You were very full.
You were a tree.
You visited 1 branch of the dungeon, and saw 4 of its levels.

You collected 207 gold pieces.

Inventory:

Hand weapons
 a - a +2 dagger of venom (weapon)
 p - a +0 trident
Armour
 b - a +0 hat (melded)
 e - a +0 robe (melded)
 i - a +0 cloak (melded)
 t - a +0 pair of gloves (melded)
Jewellery
 k - an uncursed ring of ice
Scrolls
 f - 6 scrolls of identify {unknown}
 h - a scroll of immolation {unknown}
 n - a scroll of amnesia {unknown}
 o - a scroll of recharging {unknown}
 r - a scroll of magic mapping {unknown}
 u - a scroll of fog {unknown}
 w - a scroll of enchant weapon {unknown}
Potions
 g - a potion of lignification
 m - a potion of agility {unknown}
 q - a potion of poison {unknown}
 s - a potion of curing {unknown}
 v - a potion of might {unknown}
 x - a potion of berserk rage {unknown}
Books
 c - a book of Minor Magic

   Spells                             Type                      Level
   a - Magic Dart                     Conjuration                  1
   b - Blink                          Translocation                2
   c - Call Imp                       Summoning                    2
   d - Repel Missiles                 Charms/Air                   2
   e - Slow                           Hexes                        2
   f - Conjure Flame                  Conjuration/Fire             3
   g - Mephitic Cloud                 Conjuration/Poison/Air       3
 d - a book of Callings

   Spells                             Type                      Level
   a - Summon Small Mammal            Summoning                    1
   b - Call Imp                       Summoning                    2
   c - Call Canine Familiar           Summoning                    3
   d - Summon Guardian Golem          Hexes/Summoning              4
   e - Summon Lightning Spire         Summoning/Air                4
   f - Summon Ice Beast               Ice/Summoning                4


   Skills:
 - Level 2.1 Dodging
 - Level 3.0 Stealth
 - Level 3.0 Spellcasting
 + Level 5.4 Conjurations
   Level 1.0 Summonings
   Level 0.7 Translocations


You had 10 spell levels left.
You knew the following spells:

 Your Spells              Type           Power        Failure   Level  Hunger
a - Magic Dart            Conj           ####         1%          1    None


Dungeon Overview and Level Annotations

Branches:
Dungeon (4/15)
 Temple: D:4-7

Altars:
Ashenzari
Okawaru


Innate Abilities, Weirdness & Mutations

Your natural rate of healing is unusually fast.
You can bottle blood from corpses.
((You have razor-sharp teeth.))
You have supernaturally acute eyesight.
((You can survive without breathing.))


Message History

You miss the goblin. You bite the goblin.
You kill the goblin!
* * * LOW HITPOINT WARNING * * *
You feel very sick.
Drink which item? (? for menu, Esc to quit)
It was a potion of lignification.
You turn into a tree.
Your +0 cloak melds into your body.
Your +0 hat melds into your body.
Your +0 pair of gloves melds into your body.
Your +0 robe melds into your body.
Your roots penetrate the ground.
* * * LOW HITPOINT WARNING * * *
You feel sick.
Drink which item? (? for menu, Esc to quit)
It was a potion of flight.
Your roots keep you in place.
* * * LOW HITPOINT WARNING * * *
You feel very sick.
Drink which item? (? for menu, Esc to quit)
It was a potion of cancellation.
Your magical effects are unravelling.
You feel magically purged.
You die...

................####....#
...#####...###...#......#
.### ###...#
#......###....
..####.....###....##
##)....
..................#
......
...#..#...#......## .....
..##..#...###....## #...
..###.#..## ##....# ..
.## #....## #..$♣)# .#
##.....##.....().$.... .#
#..#...#.............
####..##...........###..
# #....).†.........# .
###....###..........
##...### #...^......
...### ...)...... ....#
....


There were no monsters in sight!

Vanquished Creatures
  Duvessa (D:4)
  2 orc priests
  Dowan (D:4)
  A hound (D:3)
  2 orc wizards
  3 worker ants (D:4)
  3 gnolls (D:2)
  An adder (D:2)
  3 worms (D:2)
  4 giant geckos
  An ooze (D:1)
  12 orcs
  A bat skeleton (D:4)
  3 giant cockroaches (D:2)
  9 goblins
  11 hobgoblins
  A ball python (D:2)
  7 bats
  7 giant newts
  8 kobolds
  2 quokkas
  2 rats
85 creatures vanquished.

Notes
Turn   | Place    | Note
--------------------------------------------------------------
     0 | D:1      | Kellhus, the Vampire Wizard, began the quest for the Orb.
     0 | D:1      | Reached XP level 1. HP: 13/13 MP: 4/4
   464 | D:1      | Reached skill level 1 in Conjurations
   890 | D:1      | Reached XP level 2. HP: 17/19 MP: 1/6
  1528 | D:2      | Reached XP level 3. HP: 24/24 MP: 0/7
  1856 | D:2      | Reached XP level 4. HP: 30/30 MP: 0/9
  2345 | D:3      | Found a shattered altar of Ashenzari.
  2539 | D:3      | Reached XP level 5. HP: 33/35 MP: 3/11
  2551 | D:3      | Reached skill level 4 in Conjurations
  3394 | D:4      | Found an iron altar of Okawaru.
  3538 | D:4      | Noticed Duvessa
  3538 | D:4      | Noticed Dowan
  3545 | D:4      | Killed Duvessa
  3545 | D:4      | Reached XP level 6. HP: 41/41 MP: 5/12
  3578 | D:4      | Killed Dowan
  3578 | D:4      | Reached skill level 5 in Conjurations
  3850 | D:4      | HP: 2/61 [poisoned by an orc wizard]
  3851 | D:4      | Succumbed to an orc wizard's poison

Action                   |  1- 3 |  4- 6 || total
-------------------------+-------+-------++-------
Melee: Dagger            |    20 |    85 ||   105
 Cast: Magic Dart        |    75 |   112 ||   187
  Use: Potion            |       |     3 ||     3
  Eat: Corpse            |    11 |    13 ||    24
